AoeStats
← TakitEz

Arena

509648146Analyzed
2v2 RM · 4d ago on Sep 27, 2026· 26m 37s· 4 players
Game mode
Random Map
Map size
Medium (4 player)
Population
200
Speed
Normal
Resources
Standard
Victory
Conquest
Starting age
Dark Age
Ending age
Imperial Age
RankedLock teamsTeams togetherTeam positionsShared explorationLock speedFull tech treeHidden civsTurbo modeCheats
Victory
Defeat
🇩🇪 Khmer · Germany
907
+13
🇩🇪 Persians · Germany
859
+18
🇨🇳 Huns · China
848
-14
🇷🇴 Byzantines · Romania
836
-14
31545054
Doomdevil
3:56 Loom
11:18 Feudal Age
11:58 Double-Bit Axe
11:56 Horse Collar
12:51 Horse Collar
19:23 Castle Age
20:44 Bow Saw
22:18 Heavy Plow
22:32 Stone Mining
23:03 Gold Mining
24:37 Pikeman
25:43 Scale Mail Armor
Kashyyykistan
12:59 Feudal Age
13:56 Feudal Age
16:37 Castle Age
14:27 Double-Bit Axe
14:25 Horse Collar
19:16 Loom
20:41 Wheelbarrow
21:26 Bow Saw
21:40 Heavy Plow
22:01 Bloodlines
21:52 Husbandry
22:59 Gold Mining
23:03 Stone Mining
24:02 Scale Barding Armor
24:09 Forging
25:05 Chain Barding Armor
TakitEz
11:19 Feudal Age
17:16 Castle Age
16:24 Forging
16:53 Double-Bit Axe
16:51 Horse Collar
17:41 Light Cavalry
18:33 Bloodlines
20:47 Gold Mining
21:52 Scale Barding Armor
25:22 Iron Casting
26:11 Wheelbarrow
26:46 Chain Barding Armor
Connection lost

Rejoining the realm…

Still unreachable

The connection could not be restored.

Session expired

The server has moved on; the page needs a fresh start.